 Dungeon Crawl Stone Soup version 0.29.1-2-gbd0b4ee654 (webtiles) character file.

Game seed: 4776076531507866907

187 Icepheonix32 the Changer (level 5, -1/40 HPs)
             Began as a Demigod Transmuter on Nov 4, 2022.
             Slain by a gnoll
             ... wielding a +0 spear
             ... led by a gnoll bouda
              (4 damage)
             ... on level 4 of the Dungeon.
             The game lasted 00:06:04 (4009 turns).

Icepheonix32 the Changer (Demigod Transmuter)       Turns: 4009, Time: 00:06:05

Health: -1/40      AC:  2    Str: 11    XL:     5   Next: 15%
Magic:  11/11      EV: 12    Int: 26    God:
Gold:   151        SH:  0    Dex: 14    Spells: 2/8 levels left

rFire   + . .      SeeInvis .   k - +8 short sword of the Singing Lamprey {vorpal, Contam rElec rF+ Int+7}
rCold   . . .      Faith    .   (no shield)
rNeg    . . .      Spirit   .   a - +0 robe
rPois   .          Reflect  .   (no helmet)
rElec   +          Harm     .   (no cloak)
rCorr   .          Rampage  .   (no gloves)
Will    +....                   (no boots)
Stlth   +.........              (no amulet)
HPRegen 0.13/turn               g - ring of flight
MPRegen 0.12/turn               (no ring)

@: on berserk cooldown, flying, slowed, very slow
A: high MP 1, forlorn, divine attributes, strong-willed 1, screaming 1, subdued
magic 1
a: no special abilities


You were on level 4 of the Dungeon.
You visited 1 branch of the dungeon, and saw 4 of its levels.

You collected 151 gold pieces.

Inventory:

Hand Weapons
 k - the +8 short sword of the Singing Lamprey (weapon) {vorpal, Contam rElec rF+ Int+7}
   (You found it on level 2 of the Dungeon)

   It inflicts extra damage upon your enemies.
   Int:       It affects your intelligence (+7).
   rF:        It protects you from fire.
   rElec:     It insulates you from electricity.
   Contam:    It causes magical contamination when unequipped.
Armour
 a - a +0 robe (worn)
Jewellery
 g - a ring of flight (left hand)
Scrolls
 c - 2 scrolls of vulnerability {unknown}
 h - 2 scrolls of enchant weapon {unknown}
 i - 2 scrolls of identify
 j - a scroll of magic mapping
 m - 3 scrolls of teleportation
 n - a scroll of enchant armour {unknown}
 o - a scroll of fog {unknown}
 r - a scroll of noise {unknown}
Potions
 b - a potion of lignification
 q - a potion of flight


   Skills:
 - Level 1.1 Fighting
 - Level 2.2 Dodging
 - Level 3.0 Unarmed Combat
 - Level 2.2 Spellcasting
 * Level 4.0 Transmutations
 * Level 1.6 Poison Magic


You had 2 spell levels left.
You knew the following spells:

 Your Spells              Type           Power      Damage    Failure   Level
a - Beastly Appendage     Tmut           36%        N/A       1%          1
b - Spider Form           Tmut/Pois      13%        N/A       8%          3
c - Wereblood             Tmut           18%        N/A       2%          2

Your spell library contained the following spells:

 Spells                   Type           Power      Damage    Failure   Level
 Necrotise                Necr           8%         1d4       9%          1
 Poisonous Vapours        Pois/Air       10%        N/A       9%          2
 Ozocubu's Armour         Ice            2%         N/A       26%         3
 Vampiric Draining        Necr           2%         2d6       26%         3
 Ice Form                 Ice/Tmut       10%        N/A       36%         4
 Corpse Rot               Necr/Pois/Air  4%         N/A       58%         4
 Agony                    Necr           2%         N/A       95%         5
 Metabolic Englaciation   Hex/Ice        1%         N/A       95%         5
 Simulacrum               Ice/Necr       1%         N/A       100%        6


Dungeon Overview and Level Annotations

Branches:
Dungeon (4/15)             Temple (0/1) D:4

Annotations:
D:4 Pikel


Innate Abilities, Weirdness & Mutations

You have an increased reservoir of magic. (+10% MP)
You shall have no god before yourself.
Your divine heritage dramatically boosts your attributes as you level up.
You are strong-willed. (Will+)
You occasionally shout uncontrollably at your foes.
Your spells are a little easier to cast, but a little less powerful.


Message History

The gnoll hits you but does no damage.
Your extra speed is starting to run out.
The gnoll hits you but does no damage. x2
The gnoll hits you but does no damage. x2
You feel better.
The gnoll hits you from afar with a +0 halberd.
The gnoll hits you but does no damage.
The gnoll hits you but does no damage. x2
You aren't carrying any items that you can evoke.
As you read the scroll labelled POAXTU SAECH, it crumbles to dust.
You feel aware of your surroundings.
It was a scroll of magic mapping.
You feel less wooden.
Your +0 robe unmelds from your body.
The gnoll closely misses you.
The gnoll hits you from afar with a +0 spear.
Okay, then.
The gnoll barely misses you. The gnoll closely misses you.
Items here: )))) [ ††.
You hit the gnoll.
The gnoll is heavily wounded.
You feel yourself slow down. The gnoll closely misses you.
The gnoll hits you with a +0 spear.
You hit the gnoll.
The gnoll is severely wounded.
The gnoll hits you with a +0 halberd.
* * * LOW HITPOINT WARNING * * *
The gnoll hits you with a +0 spear.
* * * LOW HITPOINT WARNING * * *
The gnoll barely misses you.
You puncture the gnoll!
You kill the gnoll!
The gnoll hits you with a +0 spear.
* * * LOW HITPOINT WARNING * * *
The gnoll misses you.
Your Transmutations skill increases to level 4!
Unknown command.
Unknown command.
You hit the gnoll.
The gnoll is heavily wounded.
The gnoll hits you with a +0 spear.
You die...

,,,,,,,,,.............##
,,,,,,,,,.....g$.......#
,,,,,,,,,..............#
,,,,,,,,,.............## ***
,,,,,,,,,..............#* ***,,
,,,,,,,,,.........#*,,,,*****,,,,
,,,,,,,,,....####.#**,,,,,*,,,,,,
,,,,,****#**** #)g#*,,,,,,,,,,,,,
,,,,,* #@##*,,,,,*,,,,,,, ,,,,**
#.# *,,,,,**,,,,,, ***** ###
***,******,,,, *** *****


You could see a gnoll.

Vanquished Creatures
  Natasha (D:4)
  A gnoll bouda (D:4)
  4 gnolls (D:4)
  2 adders
  2 worms
  2 dart slugs
  3 orcs (D:3)
  7 endoplasms
  2 giant cockroaches
  3 goblins
  6 hobgoblins
  6 kobolds
  3 quokkas
  6 ball pythons
  9 bats
  3 frilled lizards
  6 rats
66 creatures vanquished.

Notes
Turn   | Place    | Note
-------+----------+-------------------------------------------
     0 | D:1      | Icepheonix32 the Demigod Transmuter began the quest for the
                  | Orb.
     0 | D:1      | Reached XP level 1. HP: 15/15 MP: 5/5
    88 | D:1      | Reached skill level 2 in Transmutations
   439 | D:1      | Reached XP level 2. HP: 4/22 MP: 5/7
  1674 | D:2      | Reached skill level 1 in Fighting
  1674 | D:2      | Reached XP level 3. HP: 22/28 MP: 6/8
  1681 | D:2      | Identified the +8 short sword of the Singing Lamprey
                  | {vorpal, Contam rElec rF+ Int+7}
  2734 | D:2      | Learned a level 3 spell: Spider Form
  2737 | D:2      | Learned a level 2 spell: Wereblood
  3396 | D:3      | Reached skill level 3 in Transmutations
  3396 | D:3      | Reached XP level 4. HP: 34/35 MP: 10/10
  3722 | D:4      | Noticed Natasha
  3727 | D:4      | Killed Natasha
  3728 | D:4      | Reached skill level 1 in Poison Magic
  3935 | D:4      | Noticed a lemure
  3937 | D:4      | Noticed a lemure
  3939 | D:4      | Noticed a lemure
  3941 | D:4      | Noticed Pikel
  3948 | D:4      | Noticed a lemure
  3985 | D:4      | Reached XP level 5. HP: 40/40 MP: 11/11
  3988 | D:4      | Gained mutation: You occasionally shout uncontrollably at
                  | your foes. [potion of mutation]
  3988 | D:4      | Gained mutation: Your spells are a little easier to cast,
                  | but a little less powerful. [potion of mutation]
  3988 | D:4      | Gained mutation: You are strong-willed. (Will+) [potion of
                  | mutation]
  4009 | D:4      | Reached skill level 4 in Transmutations
  4009 | D:4      | Slain by a gnoll

Illustrated notes

Levels and vault maps discovered:
D:1:      minmay_arrival_arboretum_small, layout_loops_ring, minmay_tromino_v2
D:2:      layout_basic, basic_altar
D:3:      layout_rooms, old_standard_altar, chequers_serial_rivers_micro_b
D:4:      nicolae_cairo_tiling, layout_cave_pods,
          minmay_temple_entry_sparse_star, uniq_pikel, uniq_natasha

Skill      XL: |  1  2  3  4  5 |
---------------+----------------+-----
Transmutations | 2 3 4 |  4.0
Dodging        | 2 |  2.2
Spellcasting   | 2 |  2.2
Unarmed Combat | 3 |  3.0
Fighting       | 1 |  1.1
Poison Magic   | 1 |  1.6

Action                   |  1- 3 |  4- 6 || total
-------------------------+-------+-------++-------
Melee: Unarmed           |    75 |       ||    75
       Headbutt          |    10 |     2 ||    12
       Kick              |    17 |     1 ||    18
       Punch             |     2 |       ||     2
       Short sword       |    48 |    42 ||    90
 Cast: Beastly Appendage |    25 |     6 ||    31
  Use: Potion            |       |     8 ||     8
       Scroll            |       |     3 ||     3
 Stab: Sleeping          |     1 |       ||     1
Armor: Robe              |    35 |     3 ||    38
       Skin              |       |    37 ||    37
Dodge: Dodged            |    92 |    26 ||   118
